 Dungeon Crawl Stone Soup version 0.29-a0-23-ga79f92ac9c (webtiles) character file.

Game seed: 5231880158829567474

103306 Armakuni the Basher (level 16, 54/109 HPs)
             Began as a Human Summoner on Jan 30, 2022.
             Was the Champion of Jiyva.
             Quit the game on level 2 of the Snake Pit.
             The game lasted 01:16:07 (23765 turns).

Armakuni the Basher (Human Summoner)               Turns: 23765, Time: 01:16:07

Health: 54/109     AC: 35    Str: 19    XL:     16   Next: 46%
Magic:  31/31      EV: 13    Int: 16    God:    Jiyva [******]
Gold:   1218       SH:  5    Dex: 19    Spells: 23/37 levels left

rFire   + + .      SeeInvis .   a - +5 eveningstar (protect)
rCold   + + +      Faith    .   (no shield)
rNeg    + . .      Spirit   .   v - +6 shadow dragon scales "Xolluec" {Str+4 Stlth++++}
rPois   +          Reflect  +   (helmet restricted)
rElec   .          Harm     .   B - scarf {rC+ rF+}
rCorr   +          Rampage  .   i - +1 pair of gloves "Ewiseapn" {rC+}
Will    ++++.                   j - +0 pair of boots
Stlth   ++++......              H - amulet of reflection
HPRegen 1.88/turn               P - ring of poison resistance
MPRegen 0.72/turn               W - ring of the Firefly {rN+ Will+ rCorr}

@: under a protective aura
A: horns 1, talons 2, iridescent scales 1, agile 2, cold resistance 1, fire
resistance 1, strong-willed 2, acidic bite, evolution 1, jelly absorbing
missiles, sturdy frame 1
}: 1/15 runes: slimy
a: Renounce Religion, Oozemancy, Slimify


You were on level 2 of the Snake Pit.
You worshipped Jiyva.
Jiyva was exalted by your worship.
You visited 5 branches of the dungeon, and saw 29 of its levels.
You also visited: Sewer.

You collected 1518 gold pieces.
You spent 300 gold pieces at shops.

Inventory:

Hand Weapons
 a - a +5 eveningstar of protection (weapon)
Missiles
 g - a throwing net
Armour
 i - the +1 pair of gloves "Ewiseapn" (worn) {rC+}
   (You acquired it on level 3 of the Dungeon)

   rC:        It protects you from cold.
 j - a +0 pair of boots (worn)
 v - the +6 shadow dragon scales "Xolluec" (worn) {Str+4 Stlth++++}
   (You found it on level 11 of the Dungeon)

   Str:       It affects your strength (+4).
   Stlth:     It makes you much more stealthy.
 B - a scarf of resistance (worn)
Jewellery
 H - an amulet of reflection (around neck)
 M - a ring of willpower
 P - a ring of poison resistance (left hand)
 V - a +6 ring of strength
 W - the ring of the Firefly (right hand) {rN+ Will+ rCorr}
   (You found it on level 6 of the Lair of Beasts)

   [ring of willpower]

   rN:        It protects you from negative energy.
   rCorr:     It protects you from acid and corrosion.
   Will:      It increases your willpower.
Wands
 d - a wand of flame (11)
 f - a wand of paralysis (7)
 k - a wand of digging (5)
 p - a wand of polymorph (2)
 s - a wand of acid (10)
 x - a wand of iceblast (7)
Scrolls
 b - a scroll of noise
 l - a scroll of magic mapping
 o - 8 scrolls of identify
 q - 4 scrolls of teleportation
 t - a scroll of amnesia
 w - 3 scrolls of fog
 C - a scroll of fear
 E - a scroll of vulnerability
Potions
 c - 5 potions of curing
 e - 2 potions of flight
 h - 15 potions of ambrosia
 m - 4 potions of heal wounds
 n - 2 potions of brilliance
 r - a potion of resistance
 z - a potion of mutation


   Skills:
 - Level 5.0 Fighting
 + Level 14.6(15.1) Maces & Flails
 - Level 5.6(11.1) Staves
 + Level 13.2 Armour
 - Level 8.2 Dodging
 - Level 2.0 Stealth
 + Level 11.3 Spellcasting
 - Level 5.0 Hexes
 + Level 11.3 Summonings
 - Level 5.0 Invocations


You had 23 spell levels left.
You knew the following spells:

 Your Spells              Type           Power      Damage    Failure   Level
a - Apportation           Tloc           18%        N/A       32%         1
c - Call Canine Familiar  Summ           45%        N/A       1%          3
f - Summon Forest         Summ/Tloc      13%        N/A       65%         5
v - Summon Mana Viper     Hex/Summ       35%        N/A       32%         5

Your spell library contained the following spells:

 Spells                   Type           Power      Damage    Failure   Level
 Summon Small Mammal      Summ           100%       N/A       1%          1
 Call Imp                 Summ           45%        N/A       1%          2
 Summon Guardian Golem    Hex/Summ       35%        N/A       3%          3
 Slow                     Hex            100%       N/A       4%          1
 Confusing Touch          Hex            25%        N/A       12%         3
 Tukima's Dance           Hex            25%        N/A       12%         3
 Ensorcelled Hibernation  Hex/Ice        34%        N/A       17%         2
 Animate Skeleton         Necr           18%        N/A       32%         1
 Summon Ice Beast         Ice/Summ       27%        N/A       32%         4
 Summon Lightning Spire   Summ/Air       27%        N/A       32%         4
 Static Discharge         Conj/Air       9%         N/A       43%         2
 Summon Cactus Giant      Summ           22%        N/A       43%         6
 Frozen Ramparts          Ice            18%        1d3       67%         3
 Ozocubu's Armour         Ice            9%         N/A       67%         3
 Spider Form              Tmut/Pois      9%         N/A       67%         3
 Stone Arrow              Conj/Erth      18%        3d8       67%         3
 Vampiric Draining        Necr           9%         2d6       67%         3
 Anguish                  Hex/Necr       8%         N/A       75%         4
 Leda's Liquefaction      Hex/Erth       8%         N/A       75%         4
 Airstrike                Air            4%         N/A       97%         4
 Ice Form                 Ice/Tmut       9%         N/A       97%         4
 Fireball                 Conj/Fire      4%         3d4       100%        5
 Iskenderun's Battlesphe  Conj           9%         2d6       100%        5
 Lightning Bolt           Conj/Air       4%         1d16      100%        5
 Conjure Ball Lightning   Conj/Air       4%         3x3d6     100%        6
 Iron Shot                Conj/Erth      4%         9d2       100%        6
 Starburst                Conj/Fire      4%         6d4       100%        6
 Statue Form              Tmut/Erth      6%         N/A       100%        6
 Enfeeble                 Hex            12%        N/A       100%        7
 Orb of Destruction       Conj           4%         9d5       100%        7
 Ozocubu's Refrigeration  Ice            4%         4d5       100%        7
 Spellforged Servitor     Conj/Summ      13%        N/A       100%        7
 Ignition                 Fire           4%         3d4       100%        8
 Maxwell's Capacitive Co  Air            4%         ∞         100%        8


Dungeon Overview and Level Annotations

Branches:
Dungeon (15/15)            Temple (0/1) D:7            Lair (6/6) D:8
 Shoals (0/4) Lair:3        Snake (2/4) Lair:3        Slime (5/5) Lair:6
    Orc (0/2) D:9          Vaults (0/5) D:13         Depths (1/4) D:15
  Sewer (visited)

Altars:
Ashenzari
Elyvilon
Fedhas
Hepliaklqana
Kikubaaqudgha
Makhleb
Nemelex Xobeh
Okawaru
Qazlal
Ru
Sif Muna
Uskayaw
Vehumet
Wu Jian
Zin
Jiyva

Shops:
D:1 :   D:5 (   D:6 !   Snake:1 (

Annotations:
D:11 2 transporters, t4s4d4r's ghost, journeyman DjEE
D:12 2 runed translucent doors, RNPValinor's ghost, journeyman VSFi
Slime:5 Royal Jelly


Innate Abilities, Weirdness & Mutations

You have a pair of small horns on your head.
You have razor-sharp toenails.
You are partially covered in iridescent scales. (AC +2)
You are very agile. (Dex +4)
Your flesh is cold resistant. (rC+)
Your flesh is heat resistant. (rF+)
You are highly strong-willed. (Will++)
You have acidic saliva.
You have hidden genetic potential.
You have a small jelly attached to you that may absorb projectiles.
Your movements are slightly less encumbered by armour. (ER -2)


Message History

The shock serpent's electric aura discharges, shocking you!
The shock serpent bites you but does no damage.
The black mamba bites your mana viper!
Your mana viper looks as sick as possible!
The black mamba poisons your mana viper!
The black mamba bites you but does no damage.
Your mana viper bites the black mamba but does no damage.
The shock serpent shoots out a bolt of lightning at you!
The bolt of electricity hits you!
You hit the shock serpent. You headbutt the shock serpent.
The shock serpent is almost dead.
The shock serpent's electric aura discharges, shocking you!
The black mamba misses your mana viper. The black mamba closely misses you.
Your mana viper barely misses the black mamba.
The black mamba closely misses your mana viper.
The shock serpent bites you but does no damage.
The black mamba bites you.
You bludgeon the shock serpent!!
You kill the shock serpent!
The black mamba bites your mana viper but does no damage.
You block the black mamba's attack.
Your mana viper bites the black mamba!!
The black mamba dies!
You closely miss the black mamba. Your headbutt misses the black mamba.
Your bite misses the black mamba.
The black mamba bites you but does no damage.
You impale the black mamba!!
The black mamba is severely wounded.
The black mamba misses you.
Your mana viper closely misses the black mamba.
The black mamba bites you but does no damage.
You sock the black mamba!
You kill the black mamba!
You start resting.
Your mana viper dies!
Your mana viper disappears in a puff of smoke!
Saving game... please wait.
Welcome back, Armakuni the Human Summoner.
Long live the new flesh!
Press ? for a list of commands and other information.
Are you sure you want to abandon this character and quit the game? (Confirm with "yes".)

## #
############.###..
..................
##†@..........
###..§........#
.$..........###
........##.###
....######.# ..##
#...##### .
#...#...#######
#...#.........#
##...^........#


There were no monsters in sight!

Vanquished Creatures
  The ghost of Lautuvuj the Bludgeoner, a journeyman DrBe of Trog (D:15)
  The ghost of Ajdolov the Geomancer, a journeyman OpVM of Ashenzari (Lair:4)
  Josephine (D:15)
  A fire dragon (Depths:1)
  2 naga warriors
  A boulder beetle (D:12)
  9 hydras
  A centaur warrior (D:15)
  5 two-headed ogres
  10 death yaks
  Urug (D:13)
  A deep troll shaman (Lair:6)
  2 shock serpents
  A naga sharpshooter (Snake:1)
  2 skeletal warriors (D:14)
  A naga ritualist (Snake:1)
  4 lindwurms
  The ghost of Edirash the Cleaver, a novice MiBe of Trog (D:6)
  A necromancer (D:13)
  3 mana vipers (Snake:1)
  5 ugly things
  An oklob plant (Lair:4)
  A manticore (D:14)
  A deep elf pyromancer (D:15)
  A nameless horror (Snake:1)
  3 elephants
  22 black mambas
  A guardian serpent (Snake:1)
  2 naga magi
  A molten gargoyle (Lair:2)
  14 cane toads
  2 gargoyles
  5 rime drakes
  11 komodo dragons
  A tengu conjurer (D:15)
  3 trolls
  5 polar bears
  A queen bee (Lair:2)
  4 dream sheep
  15 blink frogs
  5 shadows
  39 yaks
  2 wyverns
  4 wraiths
  2 basilisks
  Menkaure (D:7)
  16 vampire mosquitoes
  A steam dragon (Lair:3)
  5 nagas
  2 acid dragons
  9 water moccasins
  3 orc warriors
  A black bear (D:8)
  3 ogres
  2 sky beasts
  An ice beast (D:7)
  A necrophage (D:4)
  16 wolves
  A phantom (D:5)
  8 centaurs
  2 lemures (D:7)
  A kobold brigand (Sewer)
  12 bullfrogs
  2 scorpions
  A troll zombie (D:9)
  31 killer bees
  3 wights (D:8)
  2 electric eels (Lair:3)
  2 howler monkeys
  2 centaur zombies
  3 jellies (D:8)
  7 orc priests
  4 hounds
  2 centaur skeletons
  An iguana (D:5)
  5 orc wizards
  A statue (D:6)
  3 ogre zombies (D:9)
  A mummy (D:14)
  2 howler monkey zombies
  3 gnolls
  2 adders
  2 river rats
  A shadow imp (D:5)
  3 white imps
  An ufetubus (D:3)
  5 orcs
  4 bats (D:1)
  7 endoplasms
  3 giant cockroaches
  5 goblins
  2 hobgoblins (D:2)
  4 jackals
  4 kobolds
  4 quokkas
  5 ball pythons
  4 frilled lizards
  2 goblin skeletons (D:9)
  A goblin zombie (D:9)
  A hobgoblin skeleton (D:9)
  2 orc skeletons (D:9)
  4 orc zombies (D:9)
  5 rats
431 creatures vanquished.

Vanquished Creatures (collateral kills)
  A ghoul (D:14)
  A boulder beetle (D:13)
  2 two-headed ogres
  A death yak (Lair:6)
  A centaur warrior (D:13)
  2 tengu warriors
  A naga sharpshooter (Snake:1)
  A deep troll (D:15)
  A wizard (D:13)
  2 necromancers
  3 lindwurms
  4 ugly things
  A cyclops (D:11)
  2 manticores
  3 black mambas
  2 centaur zombies (D:14)
  A rust devil (D:10)
  Maggie (D:8)
  A cane toad (Lair:6)
  2 unseen horrors
  An efreet (D:14)
  A komodo dragon (D:12)
  A freezing wraith (D:15)
  A blink frog (Lair:3)
  5 dream sheep
  8 yaks
  3 nagas (Snake:1)
  3 water moccasins
  An orc warrior (D:12)
  A sky beast (D:5)
  A black bear (D:7)
  An ice beast (D:4)
  2 ogres
  A kobold brigand (Sewer)
  A troll zombie (D:9)
  5 killer bees
  An electric eel (D:13)
  A howler monkey (D:8)
  A jelly (D:8)
  A centaur skeleton (D:7)
  An iguana (D:4)
  2 orc wizards
  A hound skeleton (D:4)
  A gnoll (D:2)
  A river rat (Sewer)
  5 adders
  A worm (D:2)
  5 orcs
  4 ball pythons
  2 endoplasms
  2 giant cockroaches (D:5)
  A goblin (D:3)
  2 hobgoblins (D:1)
  2 jackals (D:4)
  A quokka (D:1)
  3 bats
  3 frilled lizards
  A kobold (D:1)
  An orc skeleton (D:9)
  2 orc zombies (D:9)
  4 rats
118 creatures vanquished.

Vanquished Creatures (others)
  An acid blob (Lair:6)
  An ogre mage (D:15)
  A centaur warrior (D:13)
  A two-headed ogre (D:15)
  A death yak (Lair:6)
  A tengu warrior (D:14)
  A skeletal warrior (D:14)
  A glowing orange brain (Depths:1)
  A centaur zombie (D:14)
  A cane toad (Lair:6)
  A gargoyle (D:13)
  6 slime creatures
  A culicivora (shapeshifter) (D:14)
  2 wraiths (D:15)
  A basilisk (Lair:3)
  2 vampire mosquitoes (D:15)
  A floating eye (Depths:1)
  A centaur (D:15)
  2 bullfrogs
  51 jellies
  An ogre zombie (D:9)
  A mummy (D:14)
  A howler monkey zombie (D:10)
  A hobgoblin skeleton (D:9)
  A hobgoblin zombie (D:9)
  An orc skeleton (D:9)
  3 orc zombies (D:9)
  76 fungi
  82 plants
  10 withered plants (D:14)
255 creatures vanquished.

Grand Total: 804 creatures vanquished

Notes
Turn   | Place    | Note
-------+----------+-------------------------------------------
     0 | D:1      | Armakuni the Human Summoner began the quest for the Orb.
     0 | D:1      | Reached XP level 1. HP: 13/13 MP: 3/3
    91 | D:1      | Reached skill level 1 in Fighting
   160 | D:1      | Reached XP level 2. HP: 9/21 MP: 5/5
   430 | D:1      | Found Madeiffo's Book Shoppe.
   466 | D:1      | Found a faded altar of an unknown god.
   474 | D:1      | Got Plato's Tome of Darkness
  1089 | D:1      | Reached XP level 3. HP: 28/28 MP: 2/6
  1460 | D:2      | Learned a level 3 spell: Call Canine Familiar
  1479 | D:1      | HP: 1/28 [gnoll (4)]
  1800 | D:2      | Gained mutation: You passively map a small area around you.
                  | [potion of mutation]
  1800 | D:2      | Gained mutation: You are weak. (Str -2) [potion of
                  | mutation]
  2263 | D:1      | Reached XP level 4. HP: 3/34 MP: 5/7
  3053 | D:2      | Reached skill level 1 in Maces & Flails
  3629 | D:2      | Reached XP level 5. HP: 36/41 MP: 8/8
  4417 | D:3      | Identified a scroll of acquirement
  4417 | D:3      | Acquired the +1 pair of gloves "Ewiseapn" {rC+}
  4614 | D:3      | Reached skill level 2 in Maces & Flails
  4614 | D:3      | Reached XP level 6. HP: 34/47 MP: 10/10
  5359 | D:4      | Noticed a necrophage
  5370 | D:4      | Killed a necrophage
  5371 | D:4      | Reached skill level 5 in Summonings
  5371 | D:4      | Reached XP level 7. HP: 42/53 MP: 8/11
  5794 | D:4      | Found a hazy altar of Hepliaklqana.
  5794 | D:4      | Found an ancient bone altar of Kikubaaqudgha.
  5836 | D:4      | Reached skill level 3 in Maces & Flails
  6049 | D:5      | Entered Level 5 of the Dungeon
  6049 | D:5      | Found Vymmot Bef's Antique Weapon Boutique.
  6057 | D:5      | Bought a glowing quarterstaff for 196 gold pieces
  6506 | D:5      | Reached skill level 1 in Staves
  6525 | D:5      | Noticed a yak
  6569 | D:5      | Reached XP level 8. HP: 55/61 MP: 10/13
  6650 | D:5      | Found a glowing drain.
  6664 | Sewer    | Entered a sewer
  6883 | Sewer    | Found a white marble altar of Elyvilon.
  6982 | Sewer    | Became a worshipper of Elyvilon the Healer
  7152 | D:5      | Reached skill level 5 in Fighting
  7253 | D:5      | Found a glowing silver altar of Zin.
  7253 | D:5      | Found a shimmering blue altar of Sif Muna.
  7766 | D:5      | Killed a yak
  7985 | D:6      | Reached * piety under Elyvilon
  8029 | D:6      | Learned a level 5 spell: Summon Mana Viper
  8034 | D:6      | Found a radiant altar of Vehumet.
  8180 | D:6      | Found a runed translucent door.
  8185 | D:6      | Noticed Edirash's ghost (novice MiBe)
  8404 | D:6      | Found Ukun's Distillery.
  8412 | D:6      | Bought a potion of mutation for 104 gold pieces
  8412 | D:6      | Lost mutation: You are weak. (Str -2) [potion of mutation]
  8412 | D:6      | Lost mutation: You passively map a small area around you.
                  | [potion of mutation]
  8412 | D:6      | Gained mutation: Potions are less effective at restoring
                  | your health. [potion of mutation]
  8412 | D:6      | Gained mutation: You are frail. (-10% HP) [potion of
                  | mutation]
  8412 | D:6      | Gained mutation: Your movements are slightly less
                  | encumbered by armour. (ER -2) [potion of mutation]
  8425 | D:6      | Reached XP level 9. HP: 61/61 MP: 15/15
  8788 | D:6      | Killed Edirash's ghost
  8789 | D:6      | Reached skill level 5 in Staves
  8947 | D:7      | Found an ornate altar of the Wu Jian Council.
  9247 | D:7      | Reached ** piety under Elyvilon
  9569 | D:7      | Found a staircase to the Ecumenical Temple.
  9949 | D:7      | Noticed Pikel
  9954 | D:7      | Noticed Pikel
  9954 | D:7      | Pikel changed into Pikel the ogre
  9956 | D:7      | Killed Pikel the ogre
 10064 | D:7      | Noticed Menkaure
 10073 | D:7      | Killed Menkaure
 10074 | D:7      | Reached XP level 10. HP: 33/66 MP: 10/16
 10694 | D:8      | Reached skill level 4 in Maces & Flails
 10708 | D:8      | Found a staircase to the Lair.
 10882 | D:8      | Reached skill level 5 in Invocations
 11067 | D:8      | Found a viscous altar of Jiyva.
 11119 | D:8      | Fell from the grace of Elyvilon
 11119 | D:8      | Became a worshipper of Jiyva Juhymiy the Shapeless
 11510 | D:8      | Noticed Maggie
 11517 | D:8      | Reached skill level 5 in Hexes
 11527 | D:8      | Killed Maggie
 11528 | D:8      | Reached skill level 5 in Maces & Flails
 12176 | D:9      | Reached * piety under Jiyva
 12196 | D:9      | Found an iron altar of Okawaru.
 12232 | D:9      | Found a blossoming altar of Fedhas.
 12235 | D:9      | Found a sacrificial altar of Ru.
 12235 | D:9      | Found a sparkling altar of Nemelex Xobeh.
 12242 | D:9      | Found a white marble altar of Elyvilon.
 12557 | D:9      | Found a staircase to the Orcish Mines.
 12649 | D:9      | Identified the +5 shortbow "Pasy Ileerr" {venom, rC++}
 12890 | D:9      | Noticed a two-headed ogre
 12903 | D:9      | Killed a two-headed ogre
 12904 | D:9      | Reached skill level 6 in Maces & Flails
 12904 | D:9      | Reached skill level 5 in Spellcasting
 12904 | D:9      | Reached XP level 11. HP: 60/71 MP: 15/18
 13021 | D:9      | Reached ** piety under Jiyva
 13264 | D:10     | Entered Level 10 of the Dungeon
 13291 | D:9      | Reached skill level 1 in Armour
 13451 | D:10     | Reached skill level 10 in Summonings
 13524 | D:10     | Reached *** piety under Jiyva
 13543 | D:10     | Lost mutation: You are frail. (-10% HP) [Jiyva's grace]
 13543 | D:10     | Lost mutation: Potions are less effective at restoring your
                  | health. [Jiyva's grace]
 13543 | D:10     | Gained mutation: Your flesh is heat resistant. (rF+)
                  | [Jiyva's grace]
 13543 | D:10     | Gained mutation: Your flesh is very heat resistant. (rF++)
                  | [Jiyva's grace]
 13543 | D:10     | Gained mutation: Your flesh is almost immune to the effects
                  | of heat. (rF+++) [Jiyva's grace]
 13543 | D:10     | Gained mutation: You have a small jelly attached to you
                  | that may absorb projectiles. [Jiyva's grace]
 13557 | D:10     | You fall into a shaft and drop 3 floors!
 13557 | D:13     | Noticed Urug
 13576 | D:13     | Killed Urug
 13577 | D:13     | Reached skill level 7 in Maces & Flails
 13632 | D:12     | Noticed a two-headed ogre
 13637 | D:12     | Killed a two-headed ogre
 13638 | D:12     | Noticed a cyan ugly thing
 13649 | D:12     | Killed a brown ugly thing
 13874 | D:10     | Reached **** piety under Jiyva
 13881 | D:10     | Found a stormy altar of Qazlal.
 13947 | D:10     | Found a burning altar of Makhleb.
 14251 | D:11     | Found a transporter.
 14251 | D:11     | Noticed a tengu warrior
 14251 | D:11     | Noticed a two-headed ogre
 14252 | D:11     | Noticed a two-headed ogre
 14252 | D:11     | Noticed a manticore
 14254 | D:11     | Noticed t4s4d4r's ghost (journeyman DjEE)
 14267 | D:11     | Found a transporter.
 14281 | D:11     | Noticed a cyclops
 14287 | D:11     | Killed a cyclops
 14295 | D:11     | Learned a level 5 spell: Summon Forest
 14350 | D:11     | Noticed a cyan ugly thing
 14363 | D:11     | Killed a purple ugly thing
 14364 | D:11     | Reached XP level 12. HP: 86/86 MP: 18/21
 14550 | D:11     | Reached ***** piety under Jiyva
 14565 | D:11     | Reached skill level 8 in Maces & Flails
 14578 | D:11     | Reached skill level 5 in Armour
 14604 | D:11     | Identified the +6 shadow dragon scales "Xolluec" {Str+4
                  | Stlth++++}
 14769 | D:12     | Gained mutation: You are agile. (Dex +2) [Jiyva's grace]
 14769 | D:12     | Gained mutation: You are very agile. (Dex +4) [Jiyva's
                  | grace]
 14769 | D:12     | Gained mutation: You have sharp toenails. [Jiyva's grace]
 14769 | D:12     | Gained mutation: You have razor-sharp toenails. [Jiyva's
                  | grace]
 14812 | D:12     | Noticed RNPValinor's ghost (journeyman VSFi)
 14813 | D:12     | Noticed a lich
 14815 | D:12     | Noticed a boulder beetle
 14815 | D:12     | Noticed a sphinx
 14816 | D:12     | Noticed a skeletal warrior
 14816 | D:12     | Noticed a skeletal warrior
 15091 | D:12     | Noticed a two-headed ogre
 15099 | D:12     | Killed a two-headed ogre
 15342 | D:12     | Noticed a boulder beetle
 15352 | D:12     | Killed a boulder beetle
 15388 | D:12     | Found a runed translucent door.
 15390 | D:12     | Found a runed translucent door.
 15640 | D:13     | Killed a centaur warrior
 15641 | D:13     | Noticed a centaur warrior
 15652 | D:13     | Killed a centaur warrior
 15653 | D:13     | Reached skill level 9 in Maces & Flails
 15749 | D:13     | Found a gate to the Vaults.
 15749 | D:13     | Noticed a two-headed ogre
 15755 | D:13     | Killed a two-headed ogre
 15799 | D:13     | Noticed a tengu warrior
 15805 | D:13     | Killed a tengu warrior
 15806 | D:13     | Reached XP level 13. HP: 63/91 MP: 18/23
 15815 | D:13     | Reached skill level 5 in Dodging
 15862 | D:13     | Noticed a boulder beetle
 15886 | D:13     | Killed a boulder beetle
 15969 | D:13     | Noticed a five-headed hydra
 15979 | D:13     | Killed a five-headed hydra
 16219 | D:14     | Reached skill level 10 in Maces & Flails
 16320 | D:14     | Noticed a ghoul
 16334 | D:14     | Slimified a ghoul
 16334 | D:14     | Noticed an acid blob
 16334 | D:14     | a ghoul changed into an acid blob
 16436 | D:14     | Noticed a ghoul
 16452 | D:14     | Killed a ghoul
 16781 | D:15     | Entered Level 15 of the Dungeon
 16814 | D:15     | Lost mutation: You are very agile. (Dex +4) [Jiyva's grace]
 16814 | D:15     | Lost mutation: Your flesh is almost immune to the effects
                  | of heat. (rF+++) [Jiyva's grace]
 16814 | D:15     | Gained mutation: Your movements are less encumbered by
                  | armour. (ER -4) [Jiyva's grace]
 16814 | D:15     | Gained mutation: Your movements are significantly less
                  | encumbered by armour. (ER -6) [Jiyva's grace]
 16814 | D:15     | Gained mutation: You have a pair of small horns on your
                  | head. [Jiyva's grace]
 16814 | D:15     | Gained mutation: You have a pair of horns on your head.
                  | [Jiyva's grace]
 16862 | D:15     | Noticed an acid blob
 16862 | D:15     | a deep troll changed into an acid blob
 16899 | D:15     | Found a staircase to the Depths.
 16969 | D:15     | Reached skill level 11 in Maces & Flails
 17095 | D:15     | Noticed an ogre mage
 17098 | D:15     | Noticed a centaur warrior
 17111 | D:15     | Slimified a centaur warrior
 17111 | D:15     | Noticed an azure jelly
 17111 | D:15     | a centaur warrior changed into an azure jelly
 17122 | D:15     | Killed an ogre mage
 17185 | D:15     | Reached XP level 14. HP: 71/98 MP: 24/24
 17247 | D:15     | Found a runed translucent door.
 17247 | D:15     | Noticed Lautuvuj's ghost (journeyman DrBe)
 17274 | D:15     | Noticed an azure jelly
 17274 | D:15     | an ettin changed into an azure jelly
 17302 | D:15     | Killed Lautuvuj's ghost
 17465 | D:15     | Noticed Josephine
 17474 | D:15     | Killed Josephine
 17553 | D:15     | Found a hide-covered altar of Uskayaw.
 17590 | D:15     | Found a broken altar of Ashenzari.
 17806 | Depths:1 | Entered Level 1 of the Depths
 17810 | Depths:1 | Noticed a green very ugly thing
 17816 | Depths:1 | Noticed a green very ugly thing
 17819 | Depths:1 | Noticed a green very ugly thing
 17820 | Depths:1 | Noticed a lich
 17820 | Depths:1 | Noticed a green very ugly thing
 17820 | Depths:1 | Noticed a stone giant
 17992 | Lair:1   | Entered Level 1 of the Lair of Beasts
 18247 | Lair:1   | Reached skill level 10 in Armour
 18255 | Lair:1   | Reached skill level 12 in Maces & Flails
 18742 | Lair:2   | Learned a level 1 spell: Apportation
 18975 | Lair:2   | Gained mutation: You have acidic saliva. [Jiyva's grace]
 18975 | Lair:2   | Gained mutation: You have hidden genetic potential.
                  | [Jiyva's grace]
 18975 | Lair:2   | Gained mutation: You have great hidden genetic potential.
                  | [Jiyva's grace]
 18975 | Lair:2   | Gained mutation: You possess an exceptional clarity of
                  | mind. [Jiyva's grace]
 19272 | Lair:2   | You fall into a shaft and drop 1 floor!
 19414 | Lair:3   | Found a staircase to the Shoals.
 19550 | Lair:3   | Reached XP level 15. HP: 95/103 MP: 28/28
 19571 | Lair:3   | Found a staircase to the Snake Pit.
 19617 | Lair:3   | Reached ****** piety under Jiyva
 20153 | Lair:4   | Reached skill level 13 in Maces & Flails
 20224 | Lair:4   | Noticed Rupert
 20233 | Lair:4   | Slimified Rupert
 20233 | Lair:4   | Noticed Rupert
 20233 | Lair:4   | Rupert changed into Rupert the acid blob
 20246 | Lair:4   | Found a transporter.
 20263 | Lair:4   | Noticed Ajdolov's ghost (journeyman OpVM)
 20283 | Lair:4   | Found a transporter.
 20331 | Lair:4   | Killed Ajdolov's ghost
 20701 | Lair:4   | Lost mutation: You have a pair of horns on your head.
                  | [Jiyva's grace]
 20701 | Lair:4   | Lost mutation: You are agile. (Dex +2) [Jiyva's grace]
 20701 | Lair:4   | Lost mutation: You possess an exceptional clarity of mind.
                  | [Jiyva's grace]
 20701 | Lair:4   | Lost mutation: You have acidic saliva. [Jiyva's grace]
 20701 | Lair:4   | Lost mutation: You have great hidden genetic potential.
                  | [Jiyva's grace]
 20701 | Lair:4   | Lost mutation: Your movements are significantly less
                  | encumbered by armour. (ER -6) [Jiyva's grace]
 20701 | Lair:4   | Lost mutation: Your movements are less encumbered by
                  | armour. (ER -4) [Jiyva's grace]
 20701 | Lair:4   | Gained mutation: You are agile. (Dex +2) [Jiyva's grace]
 20701 | Lair:4   | Gained mutation: You are very agile. (Dex +4) [Jiyva's
                  | grace]
 20701 | Lair:4   | Gained mutation: You are partially covered in iridescent
                  | scales. (AC +2) [Jiyva's grace]
 20701 | Lair:4   | Gained mutation: You are mostly covered in iridescent
                  | scales. (AC +4) [Jiyva's grace]
 20995 | Lair:4   | Found a hazy altar of Hepliaklqana.
 21139 | Lair:5   | Gained mutation: Your flesh is cold resistant. (rC+)
                  | [hidden potential]
 21160 | Lair:5   | Reached skill level 10 in Spellcasting
 21871 | Lair:6   | Entered Level 6 of the Lair of Beasts
 22087 | Lair:6   | Found a staircase to the Slime Pits.
 22226 | Lair:6   | Reached skill level 14 in Maces & Flails
 22546 | Lair:6   | Noticed an acid blob
 22546 | Lair:6   | a catoblepas changed into an acid blob
 22551 | Lair:6   | Reached XP level 16. HP: 104/109 MP: 28/30
 22553 | Lair:6   | Killed an acid blob
 22601 | Lair:6   | Identified the ring of the Firefly {rN+ Will+ rCorr}
 22605 | Lair:6   | Identified the +2 flail "Paqodem" {holy, rPois Will+ Dex+2}
 22802 | Slime:1  | Entered Level 1 of the Pits of Slime
 22802 | Slime:1  | Noticed an acid blob
 22862 | Slime:5  | Entered Level 5 of the Pits of Slime
 22878 | Slime:5  | Found a viscous altar of Jiyva.
 22879 | Slime:5  | Noticed an acid blob
 22879 | Slime:5  | Noticed an acid blob
 22879 | Slime:5  | Noticed the Royal Jelly
 22880 | Slime:5  | Noticed an acid blob
 22880 | Slime:5  | Noticed an azure jelly
 22880 | Slime:5  | Noticed an acid blob
 22880 | Slime:5  | Noticed an acid blob
 22881 | Slime:5  | Noticed a rockslime
 22888 | Slime:5  | Noticed an acid blob
 22890 | Slime:5  | Got Sif Muna's Reference Book on Freezing Battle Magic
 22892 | Slime:5  | Got a slimy rune of Zot
 22910 | Slime:5  | Got the Catalogue of the Owl
 22923 | Slime:5  | Noticed an azure jelly
 22923 | Slime:5  | Noticed an acid blob
 22927 | Slime:5  | Noticed an azure jelly
 22940 | Slime:5  | Noticed an acid blob
 22959 | Slime:5  | Noticed a rockslime
 22988 | Slime:4  | Noticed an acid blob
 23108 | Snake:1  | Entered Level 1 of the Snake Pit
 23108 | Snake:1  | Lost mutation: You are mostly covered in iridescent scales.
                  | (AC +4) [Jiyva's grace]
 23108 | Snake:1  | Lost mutation: You are very agile. (Dex +4) [Jiyva's grace]
 23108 | Snake:1  | Lost mutation: Your flesh is very heat resistant. (rF++)
                  | [Jiyva's grace]
 23108 | Snake:1  | Gained mutation: You are very agile. (Dex +4) [Jiyva's
                  | grace]
 23108 | Snake:1  | Gained mutation: You have acidic saliva. [Jiyva's grace]
 23108 | Snake:1  | Gained mutation: You are strong-willed. (Will+) [Jiyva's
                  | grace]
 23108 | Snake:1  | Gained mutation: You are highly strong-willed. (Will++)
                  | [Jiyva's grace]
 23259 | Snake:1  | Found Inlinionu's Weapon Emporium.
 23765 | Snake:2  | Quit the game

Illustrated notes

Levels and vault maps discovered:
D:1:      lemuel_arrival_funnel, layout_basic,
          shapermc_ecumenical_altar_rom_forum, serial_shops,
          nicolae_shop_waterfront
D:2:      layout_basic, hangedman_decor_opposing, item_on_display_a
D:3:      layout_basic
D:4:      layout_basic, amethyst_overflow_temple_binary
D:5:      minmay_chambers_of_fours, layout_loops_corners,
          gammafunk_temple_overflow_pools, serial_shops, nicolae_stop_n_shop_2,
          portal_sewer_entry_e
D:6:      layout_basic, vehumet_statue, ebering_ghost_reflecting_pool,
          serial_shops, nicolae_shop_statue_plus, grunt_decor_clamped
D:7:      layout_loops_corners, general_overflow_altar,
          minmay_temple_entry_statues, uniq_pikel, uniq_menkaure
D:8:      layout_layer_cave, grunt_lair_entry_orc_guard_hut,
          chequers_ossuary_entry_cave, jiyva_altar_1, uniq_maggie
D:9:      layout_loops_corners, nicolae_overflow_hallway_of_the_gods,
          zombieorc1_lemuel
D:10:     layout_big_octagon, mainiacjoe_overflow_brackets, demons_altar
D:11:     layout_gridville, gammafunk_ghost_arena, minmay_lindwurm_lava
D:12:     layout_stronghold, muffindrake_ghost_dual_entry
D:13:     layout_cave_pools, david_vaults_1, kennysheep_generic_room_4,
          uniq_urug
D:14:     layout_cave_pools, grunt_decor_fettered, serial_undead,
          serial_undead_b, serial_undead_f, serial_undead_c, serial_undead_c,
          serial_undead_e, serial_undead_d
D:15:     hangedman_depths_entry_civil_slaughter, layout_irregular_city,
          cheibrodos_ashenzari_chains, hellmonk_ghost_happy_afterlife,
          nicolae_uskayaw_murder_on_the_dancefloor, uniq_josephine
Lair:1:   layout_small_grid
Lair:2:   layout_gridlike, special_room [special_room_bee],
          serial_bayou_shore_a, infiniplex_staircase_pool_2
Lair:3:   layout_hall_layers, elwin_shoals_entry_rocks,
          minmay_snake_entry_guardpost_small, nicolae_lair_lindhole,
          grunt_megastairs_2, infiniplex_staircase_pool
Lair:4:   layout_regular_city, basic_altar, nzn_ghost_randoct, uniq_rupert
Lair:5:   hellmonk_warped_wall, layout_hall_layers, grunt_megastairs_4,
          serial_bayou_shore_b
Lair:6:   grunt_lair_end_beastmaster, layout_gridlike,
          minmay_slime_entry_pillars, grunt_megastairs_3
Snake:1:  layout_rooms, nicolae_take_the_stairs, lemuel_fruit_tree
Snake:2:  layout_misc_corridors
Slime:1:  layout_caves
Slime:2:  layout_caves
Slime:3:  nicolae_slime_pool, layout_caves
Slime:4:  layout_caves, cheibrodos_slime_lost_civilization_4
Slime:5
Depths:1: layout_cave_shapes, enter_ziggurat_a, bloody_trog, hell_entry,
          hex_large, nicolae_benzene_ring, grunt_ministairs_15,
          minmay_checkered_concentric_circles

Skill      XL: |  1  2  3  4  5  6  7  8  9 10 11 12 13 14 15 16 |
---------------+-------------------------------------------------+-----
Fighting       | 1 2 3 4 5 |  5.0
Maces & Flails | 1 2 3 6 7 9 11 12 14 | 14.6
Spellcasting   | 3 4 5 6 7 9 10 11 | 11.3
Summonings     | 5 7 8 9 10 11 | 11.3
Staves         | 1 4 5 |  5.6
Hexes          | 3 5 |  5.0
Invocations    | 4 5 |  5.0
Armour         | 4 6 9 11 12 13 | 13.2
Dodging        | 4 7 8 |  8.2
Stealth        | |  2.0

Action                   |  1- 3 |  4- 6 |  7- 9 | 10-12 | 13-15 | 16-18 || total
-------------------------+-------+-------+-------+-------+-------+-------++-------
Melee: Unarmed           |    16 |       |       |       |       |       ||    16
       Club              |    58 |    18 |       |       |       |       ||    76
       Whip              |       |   103 |    42 |    36 |       |       ||   181
       Quarterstaff      |       |       |   215 |    18 |       |       ||   233
       Dire flail        |       |       |       |   228 |       |       ||   228
       Punch             |       |       |       |     4 |    16 |     2 ||    22
       Eveningstar       |       |       |       |   143 |   922 |   181 ||  1246
       Headbutt          |       |       |       |       |   200 |    49 ||   249
       Bite              |       |       |       |       |    52 |    22 ||    74
 Cast: Summon Small Mamm |    30 |    10 |       |       |       |       ||    40
       Call Canine Famil |       |     9 |    27 |    37 |    32 |     5 ||   110
       Summon Mana Viper |       |       |       |    12 |    33 |     5 ||    50
Invok: Heal Other        |       |       |     1 |       |       |       ||     1
       Purification      |       |       |       |     1 |       |       ||     1
       Slimify           |       |       |       |       |     7 |       ||     7
Evoke: Wand              |       |       |     4 |    17 |     7 |       ||    28
  Use: Scroll            |     3 |     6 |    13 |     4 |       |       ||    26
       Potion            |     1 |       |     7 |     3 |     4 |       ||    15
 Stab: Sleeping          |     3 |       |     4 |       |    10 |     4 ||    21
       Distracted        |       |     1 |     3 |     9 |     7 |     1 ||    21
Armor: Robe              |    19 |       |       |       |       |       ||    19
       Leather armour    |     7 |    42 |   103 |    33 |       |       ||   185
       Acid dragon scale |       |       |       |   182 |   120 |       ||   302
       Shadow dragon sca |       |       |       |       |   379 |    88 ||   467
Dodge: Dodged            |    77 |    93 |   192 |   251 |   642 |   112 ||  1367
Block: Other             |       |       |       |    85 |   222 |    32 ||   339
       Reflection        |       |       |       |       |     1 |       ||     1

Table legend: (Time is in decaauts)
 A = Elapsed time spent in this place.
 B = Non-inter-level travel time spent in this place.
 C = Inter-level travel time spent in this place.
 D = Time resting spent in this place.
 E = Time spent auto-exploring this place.
 F = Levels seen in this place.
 G = Mean time per level.
                   A        B        C        D        E       F      G
               +--------+--------+--------+--------+--------+-----+--------+
         Total |  23676 |  22579 |   1097 |   2964 |  13598 |  30 |  789.2 |
       Dungeon |  17630 |  16809 |    821 |   2909 |   9974 |  15 | 1175.3 |
          Lair |   4802 |   4589 |    213 |     25 |   3052 |   6 |  800.3 |
     Snake Pit |    622 |    603 |     19 |     30 |    334 |   2 |  311.0 |
    Slime Pits |    215 |    172 |     43 |      0 |      0 |   5 |   43.0 |
        Depths |     21 |     21 |      0 |      0 |      0 |   1 |   21.0 |
         Sewer |    383 |    383 |      0 |      0 |    236 |   1 |  383.0 |
               +--------+--------+--------+--------+--------+-----+--------+

Top non-repeatable levels by time:
     D:1: 2090 daAuts
     D:7: 1731 daAuts
     D:2: 1697 daAuts
     D:5: 1550 daAuts
     D:8: 1520 daAuts
     D:3: 1190 daAuts
     D:9: 1138 daAuts
     D:4: 1121 daAuts
    D:12: 1098 daAuts
    D:15: 1029 daAuts
  Lair:4: 1000 daAuts
     D:6: 953 daAuts
  Lair:6: 915 daAuts
  Lair:2: 841 daAuts
  Lair:5: 787 daAuts
